 Dungeon Crawl Stone Soup version 0.28-a0-612-gcfc00ec14d (webtiles) character file.

Game seed: 5624467240740270165

3319 pokedragonboy the Destroyer (level 9, -1/45 HPs)
             Began as a Deep Elf Conjurer on Oct 5, 2021.
             Was an Initiate of Sif Muna.
             Killed from afar by an electric eel (10 damage)
             ... with a bolt of electricity
             ... on level 8 of the Dungeon.
             The game lasted 00:20:35 (8857 turns).

pokedragonboy the Destroyer (Deep Elf Conjurer)     Turns: 8857, Time: 00:20:36

Health: -1/45      AC:  3    Str:  8    XL:     9   Next: 71%
Magic:  11/24      EV: 12    Int: 31    God:    Sif Muna [......]
Gold:   318        SH:  0    Dex: 16    Spells: 16/27 levels left

rFire   . . .      SeeInvis .   g - +7 short sword "Aveegu" {pain, Str+4 Dex+3}
rCold   + . .      Faith    .   (no shield)
rNeg    + + .      Spirit   .   a - +0 robe
rPois   .          Reflect  .   n - +0 helmet
rElec   .          Harm     .   (no cloak)
rCorr   .          Rampage  .   (no gloves)
Will    .....                   (no boots)
Stlth   ++........              (no amulet)
HPRegen 0.15/turn               f - ring of flight
MPRegen 0.19/turn               q - ring "Mumurece" {rC+ rN++ Int+4 Slay-4}

@: lethally poisoned (-1 -> -3), flying
A: no striking features
a: Renounce Religion


You were on level 8 of the Dungeon.
You worshipped Sif Muna.
Sif Muna was noncommittal.
You visited 2 branches of the dungeon, and saw 9 of its levels.

You collected 318 gold pieces.

Inventory:

Hand Weapons
 b - a +2 hunting sling of flaming
 g - the +7 short sword "Aveegu" (weapon) {pain, Str+4 Dex+3}
   (You found it on level 6 of the Dungeon)

   In the hands of one skilled in necromantic magic, it inflicts extra damage on
   living creatures.
   Str:       It affects your strength (+4).
   Dex:       It affects your dexterity (+3).
 m - a +2 spectral dagger
Missiles
 p - a throwing net
Armour
 a - a +0 robe (worn)
 n - a +0 helmet (worn)
Jewellery
 f - a ring of flight (left hand)
 q - the ring "Mumurece" (right hand) {rC+ rN++ Int+4 Slay-4}
   (You found it on level 7 of the Dungeon)

   [ring of protection from cold]

   Int:       It affects your intelligence (+4).
   Slay:      It affects your accuracy & damage with ranged weapons and melee
   (-4).
   rC:        It protects you from cold.
   rN:        It greatly protects you from negative energy.
Wands
 x - a wand of digging (5)
Scrolls
 e - a scroll of brand weapon
 i - a scroll of summoning
 j - 4 scrolls of teleportation
 k - 2 scrolls of fog {unknown}
 l - 2 scrolls of noise
 s - a scroll of vulnerability
 t - a scroll of fear {unknown}
 v - 2 scrolls of immolation {unknown}
 w - a scroll of blinking {unknown}
Potions
 d - 4 potions of might
 h - 2 potions of curing
 o - a potion of lignification {unknown}
 r - a potion of brilliance {unknown}
 u - a potion of berserk rage {unknown}


   Skills:
 - Level 2.4 Dodging
 - Level 2.4 Stealth
 + Level 9.8 Spellcasting
 * Level 11.9 Conjurations
 - Level 5.0 Hexes
 + Level 4.4 Translocations
 + Level 0.9 Invocations


You had 16 spell levels left.
You knew the following spells:

 Your Spells              Type           Power      Damage    Failure   Level
a - Magic Dart            Conj           100%       1d8       1%          1
b - Searing Ray           Conj           100%       2d8       1%          2
c - Fulminant Prism       Conj/Hex       30%        3d16      1%          4
d - Iskenderun's Mystic   Conj/Tloc      60%        2d13      1%          4

Your spell library contained the following spells:

 Spells                   Type           Power      Damage    Failure   Level
 Dazzling Flash           Conj/Hex       100%       N/A       1%          3
 Gell's Gravitas          Tloc           21%        N/A       1%          3
 Teleport Other           Tloc           42%        N/A       1%          3
 Animate Skeleton         Necr           30%        N/A       3%          1
 Pain                     Necr           60%        1d7       3%          1
 Vampiric Draining        Necr           7%         2d7       10%         3
 Animate Dead             Necr           7%         N/A       32%         4
 Dispersal                Tloc           21%        N/A       63%         6
 Haunt                    Necr/Summ      7%         N/A       100%        7
 Infestation              Necr           7%         N/A       100%        8


Dungeon Overview and Level Annotations

Branches:
Dungeon (8/15)             Temple (1/1) D:7
   Lair: D:8-11

Altars:
Ashenzari
Cheibriados
Elyvilon
Fedhas
Hepliaklqana
Kikubaaqudgha
Makhleb
Nemelex Xobeh
Ru
Sif Muna
Trog
Wu Jian
Xom
Zin
The Shining One

Annotations:
D:4 Menkaure
D:6 2 transporters, iamoutofideas's ghost, novice DEFE
D:8 exclusion: electric eel


Message History

The gnoll sergeant hits you from afar with a +0 trident of venom!
You are poisoned.
Unknown command.
Casting: Searing Ray (safe; 1% risk of failure)
Confirm with . or Enter, or press ? or * to list all spells.
You erupt in a blast of force!
The mystic blast hits the gnoll sergeant!
The gnoll sergeant is almost dead.
The gnoll sergeant is knocked back by the mystic blast.
You feel very sick.
Casting: Iskenderun's Mystic Blast (dangerous; 1% risk of failure)
Confirm with . or Enter, or press ? or * to list all spells.
Aiming: Searing Ray (safe; 1% risk of failure)
Press: ? - help, Shift-Dir - straight line, f/p - gnoll sergeant
Aim: a gnoll sergeant, wielding a +0 trident of venom, wearing a +0 scale mail and wearing a +0 buckler (almost dead, 87% to hit)
The searing ray hits the gnoll sergeant but does no damage.
The gnoll sergeant is almost dead. (Press . to maintain the ray.)
You feel very sick.
Casting: Searing Ray (safe; 1% risk of failure)
Confirm with . or Enter, or press ? or * to list all spells.
You can't see any susceptible monsters within range! (Use Z to cast anyway.)
The searing ray hits the gnoll sergeant.
The gnoll sergeant is almost dead.
You feel sick.
Unknown command.
Casting: Searing Ray (safe; 1% risk of failure)
Confirm with . or Enter, or press ? or * to list all spells.
You erupt in a blast of force!
The mystic blast hits the gnoll sergeant!!
You kill the gnoll sergeant!
Sif Muna accepts your kill.
You feel sick.
Okay, then.
You feel sick.
You feel sick.
You feel sick.
The electric eel shoots out a bolt of lightning at you!
The bolt of electricity hits you!
You die...

PPP....#.# PP.P.P.#.#
PP.P...#.# ......#.# P.
......#####
.P.P##........###### ######
P......>...........#####....#
#......@.)............#
#...)....###≈..≈###...#
#.......#...#≈≈#...#..##
#.......#.⌠.#≈≈#.⌠.#....
#######.#...#≈≈#...#..##
#..###S≈≈≈###...#
#....≈≈≈≈≈≈.....#
#....≈≈≈≈≈≈.....#
#..###≈≈≈≈###...#


You could see an electric eel.

Vanquished Creatures
  Pikel (D:5)
  Grinder (D:3)
  A shadow (D:6)
  Sigmund (D:6)
  3 steam dragons
  Eustachio (D:6)
  Edmund (D:6)
  2 water moccasins
  A sky beast (D:7)
  A hornet zombie (D:5)
  A centaur (D:6)
  A necrophage (D:5)
  A phantom (D:6)
  A gnoll sergeant (D:8)
  A bullfrog (D:6)
  A scorpion (D:6)
  A water moccasin zombie (D:5)
  2 water moccasin skeletons (D:7)
  5 wights (D:7)
  2 orc priests
  A bullfrog skeleton (D:5)
  6 hounds
  3 iguanas
  3 orc wizards
  A killer bee zombie (D:7)
  2 hound skeletons (D:5)
  2 howler monkey zombies
  8 adders
  A white imp (D:6)
  2 worms
  2 dart slugs
  16 orcs
  8 ball pythons
  6 bats
  9 endoplasms
  2 giant cockroaches (D:1)
  12 goblins
  6 hobgoblins
  4 quokkas
  2 frilled lizards
  3 kobolds
  5 rats
133 creatures vanquished.

Vanquished Creatures (others)
  10 fulminant prisms
  28 fungi (D:8)
  23 plants (D:8)
61 creatures vanquished.

Grand Total: 194 creatures vanquished

Notes
Turn   | Place    | Note
-------+----------+-------------------------------------------
     0 | D:1      | pokedragonboy the Deep Elf Conjurer began the quest for the
                  | Orb.
     0 | D:1      | Reached XP level 1. HP: 10/10 MP: 6/6
   333 | D:1      | Found a faded altar of an unknown god.
   476 | D:1      | Reached XP level 2. HP: 15/15 MP: 6/8
   481 | D:1      | Learned a level 2 spell: Searing Ray
  1317 | D:2      | Reached skill level 5 in Conjurations
  1564 | D:2      | Reached XP level 3. HP: 16/19 MP: 5/10
  2167 | D:2      | Reached XP level 4. HP: 21/24 MP: 8/12
  2199 | D:2      | Learned a level 4 spell: Fulminant Prism
  2204 | D:2      | Learned a level 4 spell: Iskenderun's Mystic Blast
  2491 | D:3      | You are sucked into a shaft and drop 3 floors!
  2493 | D:6      | Identified the +7 short sword "Aveegu" {pain, Str+4 Dex+3}
  2493 | D:6      | Noticed Edmund
  2521 | D:5      | Entered Level 5 of the Dungeon
  2566 | D:4      | Reached skill level 1 in Hexes
  2800 | D:4      | Reached skill level 6 in Conjurations
  2991 | D:3      | Found a sacrificial altar of Ru.
  3012 | D:3      | Noticed Grinder
  3017 | D:3      | Paralysed by Grinder for 5 turns
  3022 | D:3      | Killed Grinder
  3023 | D:3      | Reached skill level 5 in Spellcasting
  3023 | D:3      | Reached XP level 5. HP: 12/28 MP: 4/14
  3023 | D:3      | Reached XP level 6. HP: 13/32 MP: 4/15
  3570 | D:4      | Reached skill level 7 in Conjurations
  3949 | D:4      | Noticed Menkaure
  3970 | D:4      | Found a glowing silver altar of Zin.
  4243 | D:5      | Found an ornate altar of the Wu Jian Council.
  4307 | D:5      | Noticed Pikel
  4311 | D:5      | Killed Pikel
  4312 | D:5      | Reached skill level 8 in Conjurations
  4312 | D:5      | Reached XP level 7. HP: 36/36 MP: 11/18
  4783 | D:5      | Reached skill level 5 in Hexes
  4993 | D:5      | Reached XP level 8. HP: 13/41 MP: 10/20
  5237 | D:5      | Reached skill level 9 in Conjurations
  5239 | D:5      | Found a broken altar of Ashenzari.
  5398 | D:5      | Found a sparkling altar of Nemelex Xobeh.
  5761 | D:6      | Noticed Sigmund
  5931 | D:6      | Reached skill level 10 in Conjurations
  5960 | D:6      | Killed Sigmund
  5961 | D:6      | Reached skill level 1 in Translocations
  5964 | D:6      | Found a shimmering altar of Xom.
  6413 | D:6      | Found a transporter.
  6415 | D:6      | Found a transporter.
  6416 | D:6      | Noticed iamoutofideas's ghost (novice DEFE)
  6471 | D:6      | Noticed Eustachio
  6484 | D:6      | Reached XP level 9. HP: 37/45 MP: 17/23
  6498 | D:6      | Killed Edmund
  6635 | D:6      | Killed Eustachio
  6812 | D:6      | Reached skill level 11 in Conjurations
  7360 | D:7      | Identified the ring "Mumurece" {rC+ rN++ Int+4 Slay-4}
  8384 | D:7      | Found a staircase to the Ecumenical Temple.
  8393 | Temple   | Entered the Ecumenical Temple
  8464 | Temple   | Became a worshipper of Sif Muna the Loreminder
  8857 | D:8      | Killed from afar by an electric eel

Illustrated notes

Levels and vault maps discovered:
D:1:      erik_arrival_cave_to_civilisation [erik_arrival_cave_to_hall],
          layout_basic, chequers_ecumenical_altar_twisty
D:2:      minmay_evil_eye, layout_basic
D:3:      layout_basic, mainiacjoe_overflow_24_doors, kennysheep_flooded_box,
          uniq_grinder
D:4:      layout_basic, mainiacjoe_overflow_small_starburst, uniq_menkaure
D:5:      layout_basic, nemelex_altar_shiori, nicolae_wu_jian_wuxing_cycle,
          nicolae_overflow_crystal_walls, wad_floor_pattern_untrapped,
          lemuel_old_faithful, uniq_pikel
D:6:      layout_basic, mainiacjoe_overflow_tiny_flanked, serial_glass,
          glass_columns_b, glass_columns_a, glass_columns_a, glass_columns_a,
          gammafunk_ghost_hive, uniq_edmund, uniq_crazy_yiuf_cottage,
          uniq_eustachio, uniq_sigmund
D:7:      layout_basic, minmay_temple_entry_antechambers, dk_noncrumbling_3
D:8:      layout_basic, nicolae_yredelemnul_ghost_church,
          mainiacjoe_overflow_alcove_3, due_lair_maze_entry_diamond,
          fountainhead, uniq_maggie, uniq_harold, uniq_joseph, uniq_gastronok
Temple:   jpeg_temple_island

Skill      XL: |  1  2  3  4  5  6  7  8  9 |
---------------+----------------------------+-----
Conjurations   | 5 6 8 10 11 | 11.9
Spellcasting   | 4 5 6 8 9 |  9.8
Hexes          | 3 4 5 |  5.0
Translocations | 2 4 |  4.4
Dodging        | |  2.4
Stealth        | |  2.4
Invocations    | |  0.9

Action                   |  1- 3 |  4- 6 |  7- 9 || total
-------------------------+-------+-------+-------++-------
Melee: Dagger            |     1 |       |       ||     1
 Cast: Magic Dart        |    60 |    41 |    74 ||   175
       Searing Ray       |    11 |    17 |    41 ||    69
       Fulminant Prism   |       |       |    10 ||    10
       Iskenderun's Myst |       |       |     9 ||     9
  Use: Scroll            |     2 |     3 |     3 ||     8
       Potion            |       |       |     1 ||     1
Armor: Robe              |       |     5 |     3 ||     8
Dodge: Dodged            |     7 |     8 |    19 ||    34

Table legend: (Time is in decaauts)
 A = Elapsed time spent in this place.
 B = Non-inter-level travel time spent in this place.
 C = Inter-level travel time spent in this place.
 D = Time resting spent in this place.
 E = Time spent auto-exploring this place.
 F = Levels seen in this place.
 G = Mean time per level.
                   A        B        C        D        E       F      G
               +--------+--------+--------+--------+--------+-----+--------+
         Total |   8860 |   8535 |    325 |   2101 |   5415 |   9 |  984.4 |
       Dungeon |   8773 |   8464 |    309 |   2101 |   5358 |   8 | 1096.6 |
        Temple |     87 |     71 |     16 |      0 |     57 |   1 |   87.0 |
               +--------+--------+--------+--------+--------+-----+--------+

Top non-repeatable levels by time:
     D:5: 1736 daAuts
     D:6: 1501 daAuts
     D:7: 1463 daAuts
     D:1: 1206 daAuts
     D:2: 1053 daAuts
     D:3: 901 daAuts
     D:4: 805 daAuts
     D:8: 104 daAuts
  Temple: 87 daAuts
